 Dungeon Crawl Stone Soup version 0.20.0-10-g0535bb4 (webtiles) character file.

429 pib the Sneak (level 6, 0/32 HPs)
             Began as a Deep Elf Wizard on June 7, 2017.
             Was an Initiate of Sif Muna.
             Succumbed to a worker ant's poison
             ... on level 5 of the Dungeon.
             The game lasted 00:13:54 (3846 turns).

pib the Sneak (Deep Elf Wizard)                     Turns: 3846, Time: 00:13:55

Health: 0/32       AC:  4    Str:  4    XL:     6   Next: 66%
Magic:  2/14       EV: 13    Int: 25    God:    Sif Muna [......]
Gold:   161        SH:  0    Dex: 13    Spells: 2/14 levels left

rFire    . . .     SeeInvis .   i - +1 dagger (venom)
rCold    . . .     Gourm    +   (no shield)
rNeg     . . .     Faith    .   a - +0 robe
rPois    .         Spirit   .   b - +0 hat
rElec    .         Reflect  .   (no cloak)
rCorr    .         Harm     .   x - +1 pair of gloves
MR       .....                  (no boots)
Stlth    +++.......             y - amulet of the gourmand
Regen    0.1/turn               (no ring)
MPRegen  0.2/turn               (no ring)

@: lethally poisoned (0 -> -6), very slightly contaminated
A: no striking features
a: Renounce Religion


You were on level 5 of the Dungeon.
You worshipped Sif Muna.
Sif Muna was noncommittal.
You were completely stuffed.

You visited 2 branches of the dungeon, and saw 6 of its levels.

You collected 161 gold pieces.

Inventory:

Hand Weapons
 f - a +1 whip of draining
 i - a +1 dagger of venom (weapon)
 D - a +0 hand crossbow
Armour
 a - a +0 robe (worn)
 b - a +0 hat (worn)
 x - a +1 pair of gloves (worn)
 C - a +1 leather armour of poison resistance
Jewellery
 y - an amulet of the gourmand (around neck)
Scrolls
 e - 4 scrolls of magic mapping {unknown}
 h - 2 scrolls of identify
 j - 2 scrolls of teleportation {unknown}
 k - 2 scrolls of remove curse {unknown}
 l - a scroll of blinking {unknown}
 m - a scroll of immolation {unknown}
 o - a scroll of fog {unknown}
 q - 3 scrolls of noise {unknown}
 s - a scroll of enchant armour {unknown}
 t - a scroll of amnesia {unknown}
 w - a scroll of random uselessness {unknown}
Potions
 g - 2 potions of curing {unknown}
 n - 2 potions of degeneration {unknown}
 p - 2 potions of haste {unknown}
 r - a potion of might {unknown}
 z - 2 potions of flight {unknown}
 A - 2 potions of heal wounds {unknown}
 B - a potion of resistance {unknown}
Books
 c - a book of Minor Magic

   Spells                             Type                      Level
   a - Magic Dart                     Conjuration                  1
   b - Blink                          Translocation                2
   c - Call Imp                       Summoning                    2
   d - Slow                           Hexes                        2
   e - Conjure Flame                  Conjuration/Fire             3
   f - Mephitic Cloud                 Conjuration/Poison/Air       3
 v - a book of Callings

   Spells                             Type                      Level
   a - Summon Small Mammal            Summoning                    1
   b - Call Imp                       Summoning                    2
   c - Call Canine Familiar           Summoning                    3
   d - Summon Guardian Golem          Hexes/Summoning              3
   e - Summon Lightning Spire         Summoning/Air                4
   f - Summon Ice Beast               Ice/Summoning                4
Comestibles
 d - 2 bread rations
 u - 4 meat rations


   Skills:
 - Level 2.4 Dodging
 - Level 5.0 Stealth
 + Level 4.5 Spellcasting
 - Level 4.7 Conjurations
 + Level 3.5 Summonings
   Level 1.1 Translocations
 + Level 2.5 Ice Magic


You had 2 spell levels left.
You knew the following spells:

 Your Spells              Type           Power        Failure   Level  Hunger
a - Magic Dart            Conj           ####         1%          1    None
b - Summon Small Mammal   Summ           ###.         1%          1    None
c - Call Canine Familiar  Summ           ###.....     6%          3    ##.....
d - Conjure Flame         Conj/Fire      ###.....     10%         3    ##.....
e - Summon Ice Beast      Ice/Summ       ###.....     24%         4    ####...


Dungeon Overview and Level Annotations

Branches:
Dungeon (5/15)             Temple (1/1) D:5

Altars:
Ashenzari
Cheibriados
Fedhas
Gozag
Hepliaklqana
Kikubaaqudgha
Nemelex Xobeh
Okawaru
Qazlal
Sif Muna
Trog
Uskayaw
Yredelemnul
Zin
The Shining One

Annotations:
D:3 kalagan's ghost, amateur GrEE


Message History

You are lethally poisoned!
The worker ant poisons you!
* * * LOW HITPOINT WARNING * * *
You feel sick.
* * * LOW HITPOINT WARNING * * *
You feel sick.
Casting: Magic Dart
Confirm with . or Enter, or press ? or * to list all spells.
You miscast Summon Ice Beast.
Distant voices call out to you! The worker ant bites you.
* * * LOW HITPOINT WARNING * * *
Casting: Summon Ice Beast
Confirm with . or Enter, or press ? or * to list all spells.
Aiming: Magic Dart
Press: ? - help, Shift-Dir - straight line, f/p - worker ant
Aim: a worker ant (heavily wounded)
The magic dart hits the worker ant.
The worker ant is severely wounded.
You die...

#..##......#### #.#.#########.#
#.............###.#.# #.......#
#.###......#...##.#.# #.#####.#
#.# #.......###.....###.# #.#
#.###.......# #.....##..# #.#
#.........#.###....###.######.#
#########.#.....#.####..PP....##
#.#.#.#.#...............
#......@....##...>..####
###.###a###.##..P..P# #.§)..#
#.##.P.P..#### #######
#.##.......... #.............
#o.#.......... #..#########∩#
#.a# #.# #..# ###.#


You could see a worker ant.

Vanquished Creatures
  An ogre (D:5)
  A scorpion (D:5)
  A howler monkey (D:5)
  A bullfrog zombie (D:5)
  A centaur skeleton (D:4)
  An iguana (D:5)
  2 orc wizards
  2 adders (D:2)
  2 oozes
  2 worms (D:2)
  A dart slug (D:5)
  A leopard gecko (D:5)
  7 orcs
  2 giant cockroaches
  4 goblins
  7 hobgoblins
  4 jackals
  4 quokkas
  2 bats
  2 frilled lizards
  2 kobolds (D:1)
  7 rats
57 creatures vanquished.

Vanquished Creatures (collateral kills)
  An orc priest (D:5)
  2 orcs (D:5)
3 creatures vanquished.

Grand Total: 60 creatures vanquished

Notes
Turn   | Place    | Note
-------+----------+-------------------------------------------
     0 | D:1      | pib the Deep Elf Wizard began the quest for the Orb.
     0 | D:1      | Reached XP level 1. HP: 10/10 MP: 7/7
   535 | D:1      | Reached XP level 2. HP: 15/15 MP: 5/9
   927 | D:2      | Reached XP level 3. HP: 19/19 MP: 4/10
  1099 | D:2      | Found a faded altar of an unknown god.
  1601 | D:3      | You fall through a shaft!
  1630 | D:4      | Noticed a scorpion
  1736 | D:5      | Entered Level 5 of the Dungeon
  1840 | D:5      | Reached XP level 4. HP: 22/24 MP: 9/12
  1882 | D:5      | Learned a level 1 spell: Summon Small Mammal
  2015 | D:5      | Reached skill level 3 in Stealth
  2015 | D:5      | Reached XP level 5. HP: 17/28 MP: 13/13
  2443 | D:3      | Noticed kalagan's ghost (amateur GrEE)
  2449 | D:3      | Noticed an orc warrior
  2744 | D:4      | Learned a level 3 spell: Call Canine Familiar
  2748 | D:4      | Learned a level 3 spell: Conjure Flame
  2753 | D:4      | Learned a level 4 spell: Summon Ice Beast
  3056 | D:4      | Reached skill level 1 in Ice Magic
  3122 | D:4      | Reached skill level 4 in Stealth
  3157 | D:5      | Reached XP level 6. HP: 8/32 MP: 1/14
  3415 | D:5      | Reached skill level 5 in Stealth
  3576 | D:5      | Found a sparkling altar of Nemelex Xobeh.
  3651 | D:5      | Found a staircase to the Ecumenical Temple.
  3660 | Temple   | Entered the Ecumenical Temple
  3671 | Temple   | Became a worshipper of Sif Muna the Loreminder
  3845 | D:5      | HP: 1/32 [worker ant (5)]
  3846 | D:5      | Succumbed to a worker ant's poison

Skill      XL: |  1  2  3  4  5  6 |
---------------+-------------------+-----
Conjurations   | 2 3 4 |  4.7
Stealth        | 3 4 5 |  5.0
Summonings     | 2 3 |  3.5
Ice Magic      | 1 2 |  2.5
Dodging        | |  2.4
Spellcasting   | |  4.5
Translocations | |  1.1

Action                   |  1- 3 |  4- 6 || total
-------------------------+-------+-------++-------
Melee: Dagger            |    10 |    11 ||    21
 Cast: Magic Dart        |    78 |    69 ||   147
       Summon Small Mamm |       |     8 ||     8
       Conjure Flame     |       |     4 ||     4
       Call Canine Famil |       |     3 ||     3
  Use: Scroll            |       |     3 ||     3
 Stab: Sleeping          |       |     1 ||     1
  Eat: Chunk             |     3 |    18 ||    21
Armor: Robe              |     2 |     3 ||     5
Dodge: Dodged            |    21 |    12 ||    33
